 Dungeon Crawl Stone Soup version 0.24-a0-274-gb3763e6d51 (webtiles) character file.

Game seed: 14946336045945481721

65 Redear the Ducker (level 3, -8/19 HPs)
             Began as a Spriggan Fighter on Apr 26, 2019.
             Mangled by a gnoll
             ... wielding a +0 halberd
              (12 damage)
             ... on level 2 of the Dungeon.
             The game lasted 00:02:32 (1735 turns).

Redear the Ducker (Spriggan Fighter)                Turns: 1735, Time: 00:02:33

Health: -8/19      AC:  2    Str: 13    XL:     3   Next: 94%
Magic:  4/4        EV: 19    Int:  9    God:
Gold:   127        SH:  6    Dex: 15    Spells: 2/2 levels left

rFire    . . .     SeeInvis +   i - +3 short sword (venom)
rCold    . . .     Gourm    .   c - +0 buckler
rNeg     . . .     Faith    .   b - +0 robe
rPois    .         Spirit   .   (helmet restricted)
rElec    .         Reflect  .   (no cloak)
rCorr    .         Harm     .   (gloves unavailable)
MR       .....                  (boots unavailable)
Stlth    +.........             (no amulet)
HPRegen  0.06/turn              (no ring)
MPRegen  0.09/turn              (no ring)

@: very quick
A: very small, unfitting armour, see invisible, herbivore, speed 3, slow
metabolism 2
a: no special abilities


You were on level 2 of the Dungeon.
You were not hungry.

You visited 1 branch of the dungeon, and saw 2 of its levels.

You collected 127 gold pieces.

Inventory:

Hand Weapons
 a - a +0 war axe
 i - a +3 short sword of venom (weapon)
 k - a +4 short sword
Armour
 b - a +0 robe (worn)
 c - a +0 buckler (worn)
 e - a +2 hat
Jewellery
 g - a cursed ring of attention {unknown}
Scrolls
 f - 2 scrolls of identify {unknown}
 h - a scroll of blinking {unknown}
 j - 2 scrolls of fog {unknown}
 l - 3 scrolls of enchant weapon {unknown}
 n - a scroll of remove curse {unknown}
 o - a scroll of magic mapping {unknown}
 p - 2 scrolls of enchant armour {unknown}
 q - a scroll of immolation {unknown}
Potions
 d - a potion of might {Str+5 DMG+1d10 | @q3}
 m - a potion of brilliance {unknown}
 r - 2 potions of lignification {unknown}
 s - a potion of haste {unknown}
 t - a potion of invisibility {unknown}
Comestibles
 z - 3 rations


   Skills:
 + Level 2.8 Fighting
 + Level 2.1 Axes
 + Level 0.9 Armour
 + Level 5.0 Dodging
 + Level 2.5 Shields


You had 2 spell levels left.
You didn't know any spells.
Your spell library was empty.

Dungeon Overview and Level Annotations

Branches:
Dungeon (2/15)

Altars:


Innate Abilities, Weirdness & Mutations

You are very small and have problems with some larger weapons.
You are too small for most types of armour.
You have supernaturally acute eyesight. (SInv)
You are a herbivore.
You cover ground extremely quickly.
You need to consume almost no food.


Message History

The gnoll misses you.
You barely miss the gnoll. You hit the gnoll.
The gnoll is moderately wounded.
You block the gnoll's attack.
The gnoll throws a throwing net.
The throwing net hits you.
You become entangled in the net!
You struggle against the net.
The gnoll barely misses you.
You struggle against the net.
The gnoll hits you with a +0 flail. The gnoll closely misses you.
You take 3 damage, and have 14/19 hp.
You struggle against the net.
The gnoll closely misses you.
Unknown command.
You struggle against the net.
The gnoll hits you with a +0 halberd.
You take 4 damage, and have 10/19 hp.
MASSIVE DAMAGE!!
You rip the net and break free!
The gnoll hits you with a +0 flail.
* * * LOW HITPOINT WARNING * * *
The gnoll hits you with a +0 halberd!
Ouch! That really hurt!
You die...

##########
########.........
#........########
#.######.# #.# #.#
#########.######.#######
.......g@..>...........#
###.##g#..#(###.#.###.#
#.#..#.# #.#.# #(#
#.#..#.# #.#.# #.#
#.#..#.# #.#.###.##
#.#..#.###.........
#)#........#.....##
.....#....)..<..#.#
##...g#######.....##


You could see 2 gnolls.

Vanquished Creatures
  A gnoll (D:2)
  A worm (D:2)
  3 leopard geckos (D:2)
  4 giant cockroaches (D:2)
  7 goblins
  4 hobgoblins
  4 jackals (D:1)
  8 kobolds
  3 ball pythons (D:1)
  7 bats
  4 rats
46 creatures vanquished.

Notes
Turn   | Place    | Note
-------+----------+-------------------------------------------
     0 | D:1      | Redear the Spriggan Fighter began the quest for the Orb.
     0 | D:1      | Reached XP level 1. HP: 11/11 MP: 2/2
   317 | D:1      | Reached XP level 2. HP: 9/16 MP: 3/3
   719 | D:1      | Reached XP level 3. HP: 19/19 MP: 4/4
  1223 | D:2      | Reached skill level 2 in Axes
  1613 | D:2      | Reached skill level 5 in Dodging
  1735 | D:2      | Mangled by a gnoll

Levels and vault maps discovered:
D:1:      kennysheep_arrival_forest, layout_loops_ring,
          chequers_serial_rivers_large_a
D:2:      layout_loops_ring, lemuel_statue_altar

Skill      XL: |  1  2  3 |
---------------+----------+-----
Axes           | 2 |  2.1
Dodging        | 5 |  5.0
Fighting       | |  2.8
Armour         | |  0.9
Shields        | |  2.5

Action                   || total
-------------------------++-------
Melee: War axe           ||    55
       Short sword       ||    55
 Stab: Sleeping          ||     2
Armor: Robe              ||    11
Dodge: Dodged            ||   112
Block: Buckler           ||    28

Table legend:
 A = Non-vault XP
 B = Vault XP
 C = Vault XP percentage of total XP
 D = Non-vault monster count
 E = Vault monster count
 F = Vault count percentage of total count
                 A         B        C        D         E       F
            +---------+---------+-------+---------+---------+-------
      Total |      94 |       0 |   0.0 |      46 |       0 |   0.0
            +---------+---------+-------+---------+---------+-------
        D:1 |      47 |       0 |   0.0 |      29 |       0 |   0.0
        D:2 |      47 |       0 |   0.0 |      17 |       0 |   0.0
            +---------+---------+-------+---------+---------+-------
